 Dungeon Crawl Stone Soup version 0.31-a0-202-g547052bce9 (webtiles) character file.

Game seed: 4130489902240220783

95 qw the Shooter (level 4, -2/25 HPs)
             Began as a Deep Elf Hunter on June 26, 2023.
             Killed by divine providence
             ... invoked by an orc priest
              (11 damage)
             ... on level 3 of the Dungeon.
             The game lasted 00:00:39 (1503 turns).

qw the Shooter (Deep Elf Hunter)                    Turns: 1503, Time: 00:00:40

Health: -2/25      AC:  9    Str: 10    XL:     4   Next: 39%
Magic:  6/6        EV: 11    Int: 14    God:
Gold:   101        SH:  0    Dex: 18    Spells: 3/3 levels left

rFire   . . .        Y - +0 shortbow
rCold   . . .        (shield currently unavailable)
rNeg    . . .        f - +0 ring mail
rPois   .            (no helmet)
rElec   .            (no cloak)
rCorr   .            (no gloves)
SInv    .            (no boots)
Will    .....        (no amulet)
Stlth   +            b - +4 ring of protection
HPRegen 0.24/turn    (no ring)
MPRegen 0.10/turn

%: no passive effects
@: no status effects
A: no striking features
a: no special abilities


You were on level 3 of the Dungeon.
You visited 1 branch of the dungeon, and saw 3 of its levels.

You collected 101 gold pieces.


   Skills:
 - Level 1.5 Fighting
 + Level 7.8 Ranged Weapons
 - Level 2.4 Dodging
 - Level 1.2 Stealth


You had 3 spell levels left.
You didn't know any spells.
Your spell library was empty.

Inventory:

Hand Weapons
 Y - a +0 shortbow (weapon)
Armour
 f - a +0 ring mail (worn)
Jewellery
 b - a +4 ring of protection (left hand)
Scrolls
 c - a scroll of enchant armour {unknown}
Potions
 a - a potion of might {unknown}
 d - a potion of curing {unknown}
 e - a potion of enlightenment {unknown}
 g - a potion of mutation {unknown}
 j - a potion of haste {unknown}

Dungeon Overview and Level Annotations

Branches:
Dungeon (3/15)

Altars:

Shops:
D:3 =


Message History

You now have 101 gold pieces (gained 8).
There is an entrance to Ivuad's Jewellery Shop here.
Enter note:
1480 ||| SHOPLISTING +4 ring of protection (468 gold, have 101).
You can access your shopping list by pressing '$'.
1480 ||| SHOPLISTING amulet of regeneration (390 gold, have 101).
You can access your shopping list by pressing '$'.
1480 ||| SHOPLISTING ring of fire (325 gold, have 101).
You can access your shopping list by pressing '$'.
1480 ||| SHOPLISTING ring of ice (325 gold, have 101).
You can access your shopping list by pressing '$'.
1480 ||| SHOPLISTING ring of resist corrosion (260 gold, have 101).
You can access your shopping list by pressing '$'. 4 orcs come into view.
Enter note: You shoot an arrow.
The arrow hits the orc but does no damage.
The orc shouts!
The orc shouts! x2
An orc priest comes into view. It is wielding a +0 club.
An adder comes into view.
The adder hisses angrily.
You shoot an arrow. The arrow closely misses the orc.
The orc hits you with a +0 short sword.
You shoot an arrow. The arrow hits the orc!
You kill the orc!
You shoot an arrow. The arrow barely misses the orc.
You shoot an arrow. The arrow closely misses the orc.
You shoot an arrow. The arrow hits the orc.
The orc is moderately wounded.
You shoot an arrow. The arrow hits the orc.
You kill the orc!
The orc priest calls down the wrath of Beogh upon you.
Beogh smites you!
You shoot an arrow.
The arrow hits the orc but does no damage.
The orc hits you with a +0 flail.
The orc priest mumbles some strange prayers to Beogh against you.
Beogh smites you!
You die...

#.#.######
##......... ..
.........%# S#
#....# ### o#
#...## ##.## .#
#...# ##.#.## .#
#.#.## ##.###.## .#
#....###^#####.##o#
#...............@o#
#....###.#####.####
#.#.## ##.###.##
..#.# ##.#\## #.#.#
##..# #.#.# #### #.
#.#.# ### ##. #.#.#
### #.. .. #.# ..#
#.# #.


You could see an orc priest, an adder and 2 orcs.

Vanquished Creatures
  5 adders
  2 orcs (D:3)
  3 endoplasms (D:1)
  2 goblins (D:2)
  6 hobgoblins
  4 jackals
  4 quokkas
  6 ball pythons
  6 bats
  3 frilled lizards (D:1)
  3 kobolds
  5 rats
49 creatures vanquished.

Notes
Turn   | Place    | Note
-------+----------+-------------------------------------------
     0 | D:1      | qw the Deep Elf Hunter began the quest for the Orb.
     0 | D:1      | Reached XP level 1. HP: 12/12 MP: 3/3
     0 | D:1      | 0 ||| qw: Version: 0.3-a-22-g0ed2b0b
     0 | D:1      | 0 ||| qw: Game counter: 5935
     0 | D:1      | 0 ||| qw: Melee chars always use a shield: true
     0 | D:1      | 0 ||| qw: God list: Okawaru
     0 | D:1      | 0 ||| qw: Allow faded altars: false
     0 | D:1      | 0 ||| qw: Do Orc after clearing Dungeon:15 true
     0 | D:1      | 0 ||| qw: Do second Lair branch before Depths: true
     0 | D:1      | 0 ||| qw: Lair rune preference: random
     0 | D:1      | 0 ||| qw: Goals: Normal
     0 | D:1      | 0 ||| PLANNING D:1-11
    98 | D:1      | Found a faded altar of an unknown god.
   103 | D:1      | Reached XP level 2. HP: 16/16 MP: 4/4
   111 | D:1      | Reached skill level 6 in Ranged Weapons
   143 | D:1      | You fall into a shaft and drop 1 floor!
   174 | D:2      | 174 ||| UPGRADING to +0 ring mail.
   184 | D:2      | 184 ||| DROPPING +0 leather armour.
   185 | D:2      | 185 ||| READING scroll labelled HELEVY KUNOM.
   186 | D:2      | 186 ||| DROPPING scroll of butterflies.
   509 | D:1      | Reached XP level 3. HP: 14/20 MP: 5/5
   699 | D:1      | 699 ||| UPGRADING to +4 ring of protection.
   700 | D:1      | 700 ||| READING scroll labelled QUEXUO NOLORGH.
   705 | D:1      | 705 ||| READING scroll labelled BOOLU IBAROW.
   706 | D:1      | 706 ||| READING scroll labelled KAORHO LUROIHI.
   867 | D:2      | Reached skill level 7 in Ranged Weapons
  1299 | D:2      | Reached XP level 4. HP: 25/25 MP: 6/6
  1309 | D:2      | 1309 ||| DROPPING +6 ring of intelligence.
  1310 | D:2      | 1310 ||| READING scroll labelled COONYM COF.
  1311 | D:2      | 1311 ||| DRINKING 2 metallic green potions.
  1312 | D:2      | 1312 ||| DROPPING potion of attraction.
  1478 | D:3      | Found Ivuad's Jewellery Shop.
  1480 | D:3      | 1480 ||| SHOPLISTING +4 ring of protection (468 gold, have
                  | 101).
  1480 | D:3      | 1480 ||| SHOPLISTING amulet of regeneration (390 gold, have
                  | 101).
  1480 | D:3      | 1480 ||| SHOPLISTING ring of fire (325 gold, have 101).
  1480 | D:3      | 1480 ||| SHOPLISTING ring of ice (325 gold, have 101).
  1480 | D:3      | 1480 ||| SHOPLISTING ring of resist corrosion (260 gold,
                  | have 101).
  1503 | D:3      | Killed from afar by an orc priest

Levels and vault maps discovered:
D:1:      minmay_arrival_four_circles, layout_basic, serial_forest,
          infiniplex_forest_clump_medium, infiniplex_forest_straight_5,
          infiniplex_forest_clump_small, infiniplex_forest_straight_2,
          infiniplex_forest_straight_2, infiniplex_forest_side_room,
          infiniplex_forest_clump_long, ebering_ecumenical_altar_box
D:2:      layout_basic
D:3:      layout_loops_ring, serial_shops, shop, minivault_5

Skill      XL: |  1  2  3 |
---------------+----------+-----
Ranged Weapons | 6 7 |  7.8
Fighting       | |  1.5
Dodging        | |  2.4
Stealth        | |  1.2

Action                     |  1- 3 |  4- 6 || total
---------------------------+-------+-------++-------
   Fire: Shortbow          |   114 |    24 ||   138
    Use: Scroll            |     4 |     1 ||     5
         Potion            |       |     1 ||     1
 Armour: Leather armour    |     7 |       ||     7
         Ring mail         |    11 |     2 ||    13
  Dodge: Dodged            |    22 |     5 ||    27

Table legend:
 A = Non-vault XP
 B = Vault XP
 C = Vault XP percentage of total XP
 D = Non-vault monster count
 E = Vault monster count
 F = Vault count percentage of total count
                 A         B        C        D         E       F
            +---------+---------+-------+---------+---------+-------
      Total |     136 |       0 |   0.0 |      49 |       0 |   0.0
            +---------+---------+-------+---------+---------+-------
        D:1 |      42 |       0 |   0.0 |      28 |       0 |   0.0
        D:2 |      56 |       0 |   0.0 |      13 |       0 |   0.0
        D:3 |      38 |       0 |   0.0 |       8 |       0 |   0.0
            +---------+---------+-------+---------+---------+-------
